 Dungeon Crawl Stone Soup version 0.14.1 (webtiles) character file.

696 Heini the Chopper (level 7, -3/61 HPs)
             Began as a Hill Orc Fighter on Apr 28, 2014.
             Killed by divine providence
             ... invoked by an orc priest
              (11 damage)
             ... on Level 5 of the Dungeon.
             The game lasted 00:10:18 (3853 turns).

Heini the Chopper (Hill Orc Fighter)                Turns: 3853, Time: 00:10:19

HP  -3/61        AC  7     Str 21      XL: 7   Next: 21%
MP   7/7         EV  6     Int  8      God:
Gold 177         SH 18     Dex 10      Spells:  0 memorised,  6 levels left

rFire  . . .     SeeInvis .     a - +1,+0 war axe
rCold  . . .     Clarity  .     b - +0 scale mail
rNeg   . . .     Conserve .     c - +0 shield
rPois  .         rCorr    .     (no helmet)
rElec  .         rRot     .     (no cloak)
SustAb . .       Spirit   .     (no gloves)
rMut   .         Warding  .     (no boots)
Saprov + . .     Stasis   .     l - amulet of inaccuracy {unknown}
MR     .....                    (no ring)
                                (no ring)

@: not resistant to hostile enchantments, extremely unstealthy
A: saprovore 1
a: Convert to Beogh


You were on level 5 of the Dungeon.
You were not hungry.

You visited 2 branches of the dungeon, and saw 6 of its levels.

You collected 177 gold pieces.

Inventory:

Hand weapons
 a - a +1,+0 war axe (weapon)
Missiles
 t - 18 stones (quivered)
Armour
 b - a +0 scale mail (worn)
 c - a +0 shield (worn)
 u - a +0 chain mail
Comestibles
 d - 3 meat rations
 g - 3 pears
 h - an orange
 i - 17 sultanas
 m - 2 apples
 v - a rotting chunk of worm flesh
 A - 2 bread rations
 B - a choko
Scrolls
 j - 2 scrolls of teleportation
 o - a scroll of fog
 x - a scroll of recharging
 C - a scroll of noise {unknown}
 D - a scroll of enchant weapon I
 E - a scroll of identify
Jewellery
 l - an amulet of inaccuracy (around neck) {unknown}
 y - an uncursed ring of fire {unknown}
Potions
 e - 2 potions of might
 f - 4 potions of haste
 k - a potion of mutation {unknown}
 n - a potion of beneficial mutation {unknown}
 p - 4 potions of curing
 q - 3 potions of brilliance
 r - a potion of heal wounds
 s - 2 potions of magic {unknown}
 w - a potion of flight {unknown}
 z - a potion of poison {unknown}


   Skills:
 * Level 5.5 Fighting
 * Level 6.4 Axes
 * Level 6.0 Armour
 - Level 3.2 Shields


You had 6 spell levels left.
You didn't know any spells.

Dungeon Overview and Level Annotations

Branches:
Dungeon (5/15)             Temple (1/1) D:4

Altars:
Cheibriados
Dithmenos
Elyvilon
Fedhas
Kikubaaqudgha
Makhleb
Sif Muna
Vehumet
Xom
Yredelemnul
Zin
The Shining One


Innate Abilities, Weirdness & Mutations

You can tolerate rotten meat.


Message History

* * * LOW HITPOINT WARNING * * *
The orc barely misses you.
You hit the orc.
The orc is severely wounded.
You closely miss the orc priest.
The orc priest is moderately wounded.
The orc priest calls down the wrath of Beogh upon you.
Pain shoots through your body!
* * * LOW HITPOINT WARNING * * *
You block the orc's attack.
The orc priest invokes the aid of Beogh against you.
Pain shoots through your body!
* * * LOW HITPOINT WARNING * * *
You hit the orc.
You kill the orc!
You slash the orc priest!
The orc priest is almost dead.
The orc priest mumbles some strange prayers to Beogh against you.
Something smites you!
You die...

#######
#...<)#
#.###.#
#.# #@#
.....(.)o#
###...###
#... #..
#.. #. .


You could see an orc priest.

Vanquished Creatures
  A phantom (D:4)
  Sigmund (D:3)
  2 orc priests
  A hound (D:3)
  A worker ant (D:4)
  Natasha (thrice) (D:3)
  An orc wizard (D:3)
  6 adders
  A worm (D:4)
  2 giant mites
  2 oozes
  13 orcs
  2 ball pythons (D:3)
  3 giant cockroaches
  13 goblins
  14 hobgoblins
  9 kobolds
  9 bats
  2 giant geckos
  10 giant newts
  A jackal skeleton (D:4)
  A quokka (D:3)
  11 rats
  A rat skeleton (D:3)
110 creatures vanquished.

Notes
Turn   | Place    | Note
--------------------------------------------------------------
     0 | D:1      | Heini, the Hill Orc Fighter, began the quest for the Orb.
     0 | D:1      | Reached XP level 1. HP: 19/19 MP: 1/1
     4 | D:1      | Noticed a giant goldfish
     4 | D:1      | Noticed a shark
    80 | D:1      | Reached XP level 2. HP: 17/27 MP: 2/2
   275 | D:1      | Reached skill level 4 in Fighting
   419 | D:1      | Reached XP level 3. HP: 33/33 MP: 3/3
  1160 | D:2      | Reached XP level 4. HP: 21/41 MP: 4/4
  1516 | D:3      | Noticed Sigmund
  1523 | D:3      | Killed Sigmund
  1523 | D:3      | Reached XP level 5. HP: 26/47 MP: 5/5
  2008 | D:3      | Reached skill level 5 in Armour
  2013 | D:3      | Reached skill level 5 in Axes
  2259 | D:3      | Noticed Natasha
  2283 | D:3      | Killed Natasha
  2283 | D:3      | Reached XP level 6. HP: 42/55 MP: 6/6
  2543 | D:3      | Noticed Natasha
  2546 | D:3      | Killed Natasha
  2757 | D:3      | Reached skill level 5 in Fighting
  3076 | D:3      | Noticed Natasha
  3085 | D:3      | Killed Natasha
  3188 | D:4      | Found a staircase to the Ecumenical Temple.
  3213 | Temple   | Entered the Ecumenical Temple
  3531 | D:4      | Reached skill level 6 in Axes
  3531 | D:4      | Reached XP level 7. HP: 29/61 MP: 7/7
  3821 | D:4      | Found a glowing silver altar of Zin.
  3838 | D:5      | Entered Level 5 of the Dungeon
  3853 | D:5      | Killed from afar by an orc priest

Action                   |  1- 3 |  4- 6 |  7- 9 || total
-------------------------+-------+-------+-------++-------
Melee: War axe           |   138 |   212 |    64 ||   414
  Use: Scroll            |       |     9 |       ||     9
       Potion            |       |     2 |       ||     2
